 Dungeon Crawl Stone Soup version 0.31-a0-507-gbafd7f5274 (webtiles) character file.

Game seed: 16144268380943106379

22 randomguy2701 the Grave Robber (level 2, 0/15 HPs)
             Began as a Deep Elf Necromancer on Aug 9, 2023.
             Slain by a giant cockroach (2 damage)
             ... on level 2 of the Dungeon.
             The game lasted 00:00:45 (592 turns).

randomguy2701 the Grave Robber (DENe)                Turns: 592, Time: 00:00:45

Health: 0/15       AC:  2    Str:  5    XL:     2   Next: 68%
Magic:  1/8        EV: 12    Int: 19    God:
Gold:   34         SH:  0    Dex: 15    Spells: 7/8 levels left

rFire   . . .        (no weapon)
rCold   . . .        (no shield)
rNeg    . . .        a - +0 robe
rPois   .            (no helmet)
rElec   .            (no cloak)
rCorr   .            (no gloves)
SInv    .            (no boots)
Will    .....        (no amulet)
Stlth   ++           (no ring)
HPRegen 0.22/turn    (no ring)
MPRegen 0.11/turn

%: no passive effects
@: no status effects
A: no striking features
a: no special abilities


You were on level 2 of the Dungeon.
You visited 1 branch of the dungeon, and saw 2 of its levels.

You collected 34 gold pieces.

Inventory:

Armour
 a - a +0 robe (worn)
Scrolls
 c - a scroll of identify {unknown}
 d - a scroll of teleportation {unknown}
 e - a scroll of vulnerability {unknown}
Potions
 b - a potion of magic


   Skills:
 + Level 2.5 Dodging
 + Level 2.4 Stealth
 + Level 0.1 Unarmed Combat
 + Level 3.7 Spellcasting
 + Level 5.3 Necromancy


You had 7 spell levels left.
You knew the following spells:

 Your Spells              Type           Power      Damage    Failure   Level
a - Necrotise             Necr           92%        1d8       1%          1

Your spell library contained the following spells:

 Spells                   Type           Power      Damage    Failure   Level
 Vampiric Draining        Necr           23%        2d7       4%          3
 Animate Dead             Necr           23%        N/A       16%         4
 Agony                    Necr           23%        N/A       41%         5


Dungeon Overview and Level Annotations

Branches:
Dungeon (1/15)

Altars:


Message History

The adder misses you.
A giant cockroach comes into view.
The adder closely misses you. The adder bites your kobold skeleton.
Your kobold skeleton barely misses the adder.
The jackal bites your kobold skeleton. The adder barely misses you.
You completely miss the giant cockroach.
The adder bites your kobold skeleton.
Your kobold skeleton is destroyed!
The adder barely misses you. The giant cockroach closely misses you.
You barely miss the giant cockroach. The jackal completely misses you.
The adder bites you but does no damage.
The giant cockroach completely misses you.
The adder bites you but does no damage. The jackal misses you.
You hit the giant cockroach.
The giant cockroach is moderately wounded.
The adder barely misses you. The adder closely misses you.
The giant cockroach bites you but does no damage.
The jackal barely misses you. The adder barely misses you.
You hit the giant cockroach but do no damage.
The giant cockroach is moderately wounded.
The adder bites you. The jackal bites you.
The giant cockroach barely misses you. The adder bites you.
The adder bites you but does no damage.
The giant cockroach bites you but does no damage.
The jackal bites you.
You hit the giant cockroach but do no damage.
The giant cockroach is moderately wounded.
The adder bites you. The adder closely misses you. The jackal bites you.
* * * LOW HITPOINT WARNING * * *
The giant cockroach barely misses you.
You hit the giant cockroach.
The giant cockroach is severely wounded.
The adder closely misses you. The jackal barely misses you.
The adder closely misses you. The giant cockroach bites you.
* * * LOW HITPOINT WARNING * * *
You closely miss the giant cockroach.
The giant cockroach is severely wounded.
The jackal barely misses you. The adder barely misses you. x2
The giant cockroach bites you.
You die...

#.....(......
#.#######.### #...#
#.# ###.# #.# .
#####.# #.# .. ...##.#
#># #. #.#.##.# #.# ..
##B##.##.#####.##
#.#@###......>.....
##.##ShS......#####.##
.....)g.).#####
......###.# ##.### #.#
#. #.. #. # #.## #.
.#. ## # #


You could see 2 adders, a jackal, a giant cockroach and a hobgoblin.

Vanquished Creatures
  A worm (D:2)
  3 bats
  An endoplasm (D:1)
  2 giant cockroaches (D:2)
  3 goblins
  A quokka (D:1)
  2 ball pythons (D:2)
  3 kobolds (D:2)
  2 rats
18 creatures vanquished.

Notes
Turn   | Place    | Note
-------+----------+-------------------------------------------
     0 | D:1      | randomguy2701 the Deep Elf Necromancer began the quest for
                  | the Orb.
     0 | D:1      | Reached XP level 1. HP: 10/10 MP: 6/6
    86 | D:1      | Reached skill level 5 in Necromancy
   224 | D:1      | You fall into a shaft and drop 1 floor!
   243 | D:2      | Reached XP level 2. HP: 8/15 MP: 0/8
   592 | D:2      | Slain by a giant cockroach

Illustrated notes

Levels and vault maps discovered:
D:1:      nzn_arrival_depleted_hourglass, layout_loops_cross, amethyst_killhole,
          chequers_garden
D:2:      layout_loops_ring, nicolae_the_louvre

Skill      XL: |  1 |
---------------+----+-----
Necromancy     | 5 |  5.3
Dodging        | |  2.5
Stealth        | |  2.4
Unarmed Combat | |  0.1
Spellcasting   | |  3.7

Action                     || total
---------------------------++-------
  Melee: Unarmed           ||    14
         Punch             ||     1
   Cast: Necrotise         ||    39
 Armour: Robe              ||    10
  Dodge: Dodged            ||    33

Table legend: (Time is in decaauts)
 A = Elapsed time spent in this place.
 B = Non-inter-level travel time spent in this place.
 C = Inter-level travel time spent in this place.
 D = Time resting spent in this place.
 E = Time spent auto-exploring this place.
 F = Levels seen in this place.
 G = Mean time per level.
                   A        B        C        D        E       F      G
               +--------+--------+--------+--------+--------+-----+--------+
         Total |    591 |    591 |      0 |      0 |    488 |   2 |  295.5 |
       Dungeon |    591 |    591 |      0 |      0 |    488 |   2 |  295.5 |
               +--------+--------+--------+--------+--------+-----+--------+

Top non-repeatable levels by time:
     D:2: 367 daAuts
     D:1: 224 daAuts
